 Dungeon Crawl Stone Soup version 0.21.1-1-g345015f (webtiles) character file.

120 inc the Scratcher (level 4, 19/19 HPs)
             Began as a Felid Transmuter on Mar 13, 2018.
             Was a Follower of Nemelex Xobeh.
             Quit the game on level 4 of the Dungeon.
             The game lasted 00:03:53 (3770 turns).

inc the Scratcher (Felid Transmuter)                Turns: 3770, Time: 00:03:53

Health: 19/19      AC:  1    Str:  6    XL:     4   Next: 75%
Magic:  8/8        EV: 18    Int: 15    God:    Nemelex Xobeh [*.....]
Gold:   131        SH:  0    Dex: 17    Spells: 6/7 levels left
                                        Lives:  0   Deaths: 1

rFire    + . .     SeeInvis +     - Unarmed
rCold    + . .     Gourm    .   (shield unavailable)
rNeg     . . .     Faith    .   (armour unavailable)
rPois    +         Spirit   .   (helmet unavailable)
rElec    +         Reflect  .   (cloak unavailable)
rCorr    +         Harm     .   (gloves unavailable)
MR       .....                  (boots unavailable)
Stlth    ++........             (no amulet)
HPRegen  0.06/turn              (no ring)
MPRegen  0.11/turn              (no ring)

@: resistant, very slightly contaminated, invisible, quick
A: very small, no armour, no weapons or thrown items, stealth, claws 1, fangs 3,
see invisible, carnivore, speed 1, shaggy fur 1, slow metabolism 1, sharp paws
a: Renounce Religion


You were on level 4 of the Dungeon.
You worshipped Nemelex Xobeh.
Nemelex Xobeh was aware of your devotion.
You were not hungry.

You visited 1 branch of the dungeon, and saw 4 of its levels.

You collected 131 gold pieces.

Inventory:

Missiles
 a - 49 arrows
Jewellery
 e - a cursed -2 ring of strength {unknown}
 o - an uncursed ring of protection from fire {unknown}
 q - a +1 ring of protection {unknown}
Scrolls
 d - 5 scrolls of identify {unknown}
 g - a scroll of teleportation {unknown}
 k - 2 scrolls of remove curse {unknown}
 m - a scroll of enchant armour {unknown}
Potions
 h - a potion of cancellation
 i - a potion of invisibility
Books
 b - a book of Changes

   Spells                             Type                      Level
   a - Beastly Appendage              Transmutation                1
   b - Sticks to Snakes               Transmutation                2
   c - Spider Form                    Transmutation/Poison         3
   d - Ice Form                       Ice/Transmutation            4
   e - Blade Hands                    Transmutation                5
Miscellaneous
 j - a plain deck of summoning
Comestibles
 c - 5 rations


   Skills:
 - Level 1.0 Fighting
 - Level 2.6 Dodging
 - Level 4.5 Unarmed Combat
 - Level 2.0 Spellcasting
 - Level 2.1 Transmutations
 + Level 4.5 Invocations


You had 6 spell levels left.
You knew the following spells:

 Your Spells              Type           Power        Failure   Level  Hunger
a - Beastly Appendage     Tmut           #.....       9%          1    #......


Dungeon Overview and Level Annotations

Branches:
Dungeon (4/15)
 Temple: D:4-7

Altars:
Nemelex Xobeh
Trog


Innate Abilities, Weirdness & Mutations

You cannot wear armour.
You are incapable of wielding weapons or throwing items.
Your paws allow you to move quietly. (Stealth)
You have sharp claws.
You have razor-sharp teeth.
You have supernaturally acute eyesight. (SInv)
You are carnivorous and can eat meat at any time.
You cover ground quickly.
You are covered in fur. (AC +1)
You have a slow metabolism.
Your sharp claws are effective at attacking unaware monsters.


Message History

The worker ant completely misses you.
Evoke which item? (* to show all) (? for menu, Esc to quit)
You draw a card...
It is Pain.
The deck of cards disappears without a trace.
You have drawn Pain.
Press: ? - help, Shift-Dir - straight line, f/p - worker ant
Aim: a worker ant (almost dead)
The worker ant completely misses you. The worker ant bites you!
You die...
You are more poisoned.
The worker ant poisons you!
You are now level 4!
You rejoin the land of the living...
It was a potion of invisibility.
You fade into invisibility!
You are very lightly contaminated with residual magic.
It was a potion of resistance.
You feel protected.
It was a potion of magic.
Magic courses through your body.
Are you sure you want to abandon this character and quit the game? (Confirm with "yes".)

### .. .#
.# .# ##
.# ..
.#####
#.######.#
......#
#.....@..#
.####.#
##########
.# .# .#
.. ..


There were no monsters in sight!

Vanquished Creatures
  A hound (D:4)
  A worker ant (D:4)
  An adder (D:4)
  3 gnolls (D:4)
  4 oozes
  A dart slug (D:1)
  3 leopard geckos (D:1)
  4 orcs
  3 giant cockroaches
  4 goblins
  5 hobgoblins
  2 jackals (D:1)
  2 quokkas
  A ball python (D:1)
  5 bats
  2 frilled lizards
  4 kobolds (D:1)
  A leopard gecko skeleton (D:4)
  2 rats (D:3)
49 creatures vanquished.

Vanquished Creatures (collateral kills)
  A phantom (D:4)
1 creature vanquished.

Grand Total: 50 creatures vanquished

Notes
Turn   | Place    | Note
-------+----------+-------------------------------------------
     0 | D:1      | inc the Felid Transmuter began the quest for the Orb.
     0 | D:1      | Reached XP level 1. HP: 9/9 MP: 4/4
   121 | D:1      | Reached XP level 2. HP: 12/12 MP: 6/6
   520 | D:1      | Reached XP level 3. HP: 13/15 MP: 7/7
  1280 | D:2      | Found a sparkling altar of Nemelex Xobeh.
  1658 | D:2      | Became a worshipper of Nemelex Xobeh the Trickster
  1728 | D:2      | Received a gift from Nemelex Xobeh
  2095 | D:3      | Reached skill level 1 in Invocations
  2252 | D:3      | Reached * piety under Nemelex Xobeh
  2304 | D:3      | Received a gift from Nemelex Xobeh
  2494 | D:3      | Found a bloodstained altar of Trog.
  2681 | D:3      | Reached XP level 4. HP: 17/19 MP: 8/8
  3062 | D:4      | Noticed a phantom
  3076 | D:4      | Killed a phantom
  3076 | D:4      | Reached XP level 5. HP: 22/22 MP: 9/9
  3766 | D:4      | Slain by a worker ant
  3767 | D:4      | Reached XP level 4. HP: -2/19 MP: 8/8
  3770 | D:4      | Quit the game

Skill      XL: |  1  2  3  4  5 |
---------------+----------------+-----
Unarmed Combat | 4 |  4.5
Invocations    | 1 3 4 |  4.5
Fighting       | |  1.0
Dodging        | |  2.6
Spellcasting   | |  2.0
Transmutations | |  2.1

Action                   |  1- 3 |  4- 6 || total
-------------------------+-------+-------++-------
Melee: Unarmed           |   107 |    39 ||   146
       Bite              |     8 |     4 ||    12
       Punch             |     1 |     1 ||     2
Evoke: Deck              |       |     8 ||     8
  Use: Potion            |       |     4 ||     4
 Stab: Sleeping          |     9 |       ||     9
       Distracted        |     1 |       ||     1
  Eat: Ration            |     1 |       ||     1
       Chunk             |       |     3 ||     3
Armor: Skin              |     5 |       ||     5
Dodge: Dodged            |    77 |    32 ||   109
